 Dungeon Crawl Stone Soup version 0.21.1-1-g345015fe64 (webtiles) character file.

779 kikoshima the Skirmisher (level 7, 0/63 HPs)
             Began as a Minotaur Fighter on Mar 22, 2018.
             Was an Initiate of Trog.
             Slain by Grinder (2 damage)
             ... on level 4 of the Dungeon.
             The game lasted 00:31:42 (5082 turns).

kikoshima the Skirmisher (Minotaur Fighter)         Turns: 5082, Time: 00:31:43

Health: 0/63       AC:  7    Str: 23    XL:     7   Next: 54%
Magic:  6/6        EV:  9    Int:  5    God:    Trog [......]
Gold:   245        SH:  9    Dex:  9    Spells: 6/6 levels left

rFire    + . .     SeeInvis .   a - +0 long sword
rCold    x . .     Gourm    .   c - +0 shield
rNeg     . . .     Faith    .   v - +0 ring mail
rPois    .         Spirit   .   (helmet restricted)
rElec    .         Reflect  .   x - +0 cloak
rCorr    .         Harm     +   (no gloves)
MR       .....                  (no boots)
Stlth    ..........             p - amulet of harm
HPRegen  0.20/turn              z - ring of fire
MPRegen  0.10/turn              (no ring)

@: no status effects
A: retaliatory headbutt, horns 2
a: Burn Spellbooks, Renounce Religion


You were on level 4 of the Dungeon.
You worshipped Trog.
Trog was noncommittal.
You were not hungry.

You visited 1 branch of the dungeon, and saw 4 of its levels.

You collected 245 gold pieces.

Inventory:

Hand Weapons
 a - a +0 long sword (weapon)
 l - a +1 hunting sling of velocity
 B - a +0 dagger of venom
Missiles
 d - 47 sling bullets (quivered)
 e - 20 bolts
 m - 119 stones
 o - 5 poisoned tomahawks
 y - 26 arrows
 H - 17 poisoned needles
Armour
 b - a +0 scale mail
 c - a +0 shield (worn)
 g - a +2 helmet of intelligence
 t - a +0 leather armour
 v - a +0 ring mail (worn)
 x - a +0 cloak (worn)
 D - a +0 ring mail
Magical Staves
 A - a cursed staff of summoning
Jewellery
 p - an amulet of harm (around neck)
 z - a ring of fire (left hand)
Scrolls
 j - a scroll of teleportation {unknown}
 n - 2 scrolls of enchant weapon {unknown}
 s - 3 scrolls of identify {unknown}
 u - a scroll of immolation {unknown}
 w - 2 scrolls of fear {unknown}
 G - a scroll of remove curse {unknown}
 I - a scroll of blinking {unknown}
Potions
 h - a potion of curing
 i - a potion of degeneration {unknown}
 k - a potion of ambrosia {unknown}
 q - a potion of flight {unknown}
 r - 2 potions of haste {unknown}
 C - a potion of lignification {unknown}
 E - a potion of invisibility {unknown}
 F - a potion of magic {unknown}
Comestibles
 f - 7 rations


   Skills:
 * Level 6.1 Fighting
 * Level 5.4 Long Blades
 * Level 4.1 Slings
 + Level 5.6 Armour
 + Level 2.6 Dodging
 - Level 3.7 Shields


You had 6 spell levels left.
You didn't know any spells.

Dungeon Overview and Level Annotations

Branches:
Dungeon (4/15)
 Temple: D:4-7

Altars:
Trog

Annotations:
D:4 Grinder


Innate Abilities, Weirdness & Mutations

You reflexively headbutt those who attack you in melee.
You have a pair of horns on your head.


Message History

You kill the hound!
Trog accepts your kill.
You start resting.
You start resting.
Grinder is nearby!
Grinder is nearby!
Grinder hits you!
* * * LOW HITPOINT WARNING * * *
You writhe in agony.
* * * LOW HITPOINT WARNING * * *
You hit Grinder.
Grinder is moderately wounded.
Grinder hits you but does no damage. Grinder hits you.
* * * LOW HITPOINT WARNING * * *
You writhe in agony.
* * * LOW HITPOINT WARNING * * *
You barely miss Grinder. You headbutt Grinder.
Grinder is heavily wounded.
Grinder hits you.
You die...

...<..... .... ##.......##
....% ## #.........##.....
.# #.............).. .###
##...<......?.#
...######.............# #
...................###....
.........#.......5.###....
.........#......@#........
#####...##..####..........
...............>..#.##....
................###.# #.##
............##### #.# #.#
.....#........#####.###.#
...........##........##.#
...........####.........#
.# .
.....#..................###
.# ..


You could see Grinder.

Vanquished Creatures
  Duvessa (D:4)
  A necrophage (D:2)
  Blork the orc (D:4)
  Dowan (D:4)
  A scorpion (D:4)
  A howler monkey (D:4)
  A hound (D:4)
  2 orc priests
  An orc wizard (D:4)
  Natasha (thrice) (D:2)
  A worker ant (D:4)
  Robin (D:2)
  7 adders
  An adder zombie (D:4)
  A worm (D:2)
  3 dart slugs
  3 leopard geckos
  10 orcs
  6 giant cockroaches
  11 goblins
  7 hobgoblins
  4 jackals (D:1)
  A quokka (D:4)
  A ball python (D:1)
  5 bats
  2 frilled lizards
  6 kobolds
  6 rats
89 creatures vanquished.

Notes
Turn   | Place    | Note
-------+----------+-------------------------------------------
     0 | D:1      | kikoshima the Minotaur Fighter began the quest for the Orb.
     0 | D:1      | Reached XP level 1. HP: 19/19 MP: 0/0
   535 | D:1      | Reached XP level 2. HP: 27/27 MP: 1/1
  1016 | D:2      | Reached skill level 4 in Fighting
  1016 | D:2      | Reached XP level 3. HP: 30/33 MP: 2/2
  1089 | D:2      | Noticed Natasha
  1248 | D:2      | Killed Natasha
  1248 | D:2      | Reached skill level 1 in Slings
  1511 | D:2      | Reached skill level 1 in Dodging
  1855 | D:2      | Reached XP level 4. HP: 40/40 MP: 3/3
  1863 | D:2      | Noticed Robin
  1872 | D:2      | Killed Robin
  2518 | D:2      | Noticed Natasha
  2524 | D:2      | Killed Natasha
  2671 | D:2      | Noticed Natasha
  2674 | D:2      | Killed Natasha
  2674 | D:2      | Reached XP level 5. HP: 37/47 MP: 4/4
  2752 | D:2      | Noticed a necrophage
  2783 | D:2      | Killed a necrophage
  3267 | D:3      | Reached skill level 5 in Fighting
  3310 | D:3      | Reached XP level 6. HP: 38/53 MP: 5/5
  3334 | D:3      | Reached skill level 5 in Armour
  4176 | D:4      | Found a glowing drain.
  4212 | D:4      | Found a bloodstained altar of Trog.
  4214 | D:4      | Noticed Duvessa
  4215 | D:4      | Noticed Blork the orc
  4221 | D:4      | Noticed Dowan
  4226 | D:4      | Killed Duvessa
  4234 | D:4      | Killed Dowan
  4257 | D:4      | Killed Blork the orc
  4257 | D:4      | Reached skill level 5 in Long Blades
  4257 | D:4      | Reached XP level 7. HP: 6/62 MP: 6/6
  4538 | D:4      | Became a worshipper of Trog the Wrathful
  4612 | D:4      | Reached skill level 6 in Fighting
  5054 | D:4      | Noticed Grinder
  5062 | D:4      | Paralysed by Grinder for 7 turns
  5081 | D:4      | HP: 2/63 [Grinder (6)]
  5082 | D:4      | Slain by Grinder

Skill      XL: |  1  2  3  4  5  6  7 |
---------------+----------------------+-----
Fighting       | 4 5 6 |  6.1
Long Blades    | 3 4 5 |  5.4
Armour         | 4 5 |  5.6
Slings         | 1 2 3 4 |  4.1
Dodging        | 1 2 |  2.6
Shields        | |  3.7

Action                   |  1- 3 |  4- 6 |  7- 9 || total
-------------------------+-------+-------+-------++-------
Melee: Long sword        |    66 |   139 |    36 ||   241
       Headbutt          |    14 |    23 |     7 ||    44
Throw: Stone             |    22 |    19 |       ||    41
  Use: Potion            |     2 |     2 |       ||     4
  Eat: Chunk             |     1 |     5 |       ||     6
       Ration            |     1 |     2 |       ||     3
Armor: Scale mail        |    17 |       |       ||    17
       Leather armour    |     8 |     1 |       ||     9
       Ring mail         |       |    43 |    19 ||    62
Dodge: Dodged            |    17 |    48 |    14 ||    79
Block: Shield            |    32 |    94 |    18 ||   144
       Rpst.: Long sword |     7 |    10 |     1 ||    18
